 Dungeon Crawl Stone Soup version 0.31-a0-408-gb642c7f9a3 (webtiles) character file.

Game seed: 4956718401107644976

4617 floatRand the Grappler (level 10, -9/71 HPs)
             Began as a Red Draconian Shapeshifter on July 29, 2023.
             Killed from afar by a steam dragon (22 damage)
             ... with a ball of steam
             ... on level 8 of the Dungeon.
             The game lasted 00:10:48 (7388 turns).

floatRand the Grappler (Red Draconian Shapeshifter) Turns: 7388, Time: 00:10:48

Health: -9/71      AC:  7    Str: 17    XL:     10   Next: 19%
Magic:  10/10      EV: 12    Int: 15    God:
Gold:   1548       SH:  0    Dex: 16    Spells: 9/9 levels left

rFire   . .          .
                       - Unarmed
rCold   + . .        (no shield)
rNeg    . . .        (body armour unavailable)
rPois   .            (helmet currently unavailable)
rElec   .            (cloak currently unavailable)
rCorr   .            (gloves currently unavailable)
SInv    .            (boots currently unavailable)
Will    .....        r - amulet of regeneration
Stlth   +            k - +6 ring of intelligence
HPRegen 1.11/turn    G - ring of ice
MPRegen 0.12/turn

%: no passive effects
@: short of breath, beast-form
A: beast (slay +5), breathe fire, AC +7, unfitting armour, fire resistance 1,
cold-blooded
a: Breathe Fire, Begin Untransformation


You were on level 8 of the Dungeon.
You were a hulking beast.
You visited 2 branches of the dungeon, and saw 9 of its levels.
You also visited: Sewer and Ossuary.

You collected 1548 gold pieces.

Inventory:

Missiles
 F - a throwing net
Armour
 j - a +0 pair of gloves
 q - a +0 pair of boots
 K - a +0 cloak
Jewellery
 c - a ring of wizardry
 d - an amulet of guardian spirit
 k - a +6 ring of intelligence (left hand)
 r - an amulet of regeneration (around neck)
 B - a ring of positive energy
 G - a ring of ice (right hand)
 I - a ring of resist corrosion
 L - a ring of fire
Talismans
 b - a beast talisman
Wands
 C - a wand of paralysis (5)
 D - a wand of quicksilver (3)
 H - a wand of roots (20)
 M - a wand of mindburst (8)
Scrolls
 e - 3 scrolls of poison
 g - a scroll of vulnerability {unknown}
 h - a scroll of blinking {unknown}
 l - a scroll of teleportation
 v - a scroll of silence {unknown}
 x - a scroll of immolation {unknown}
 y - a scroll of enchant armour {unknown}
 J - 3 scrolls of identify
Potions
 a - 3 potions of lignification
 f - a potion of enlightenment
 m - a potion of might {unknown}
 n - 2 potions of mutation {unknown}
 o - a potion of invisibility {unknown}
 p - 3 potions of attraction {unknown}
 s - a potion of brilliance
 t - 4 potions of haste {unknown}
 u - a potion of curing
 w - 3 potions of magic {unknown}
 z - 3 potions of resistance {unknown}
 A - a potion of berserk rage
 E - 4 potions of cancellation


   Skills:
 - Level 1.1 Fighting
 - Level 1.7 Dodging
 * Level 12.5 Unarmed Combat
 + Level 7.9 Shapeshifting


You had 9 spell levels left.
You didn't know any spells.
Your spell library contained the following spells:

 Spells                   Type           Power      Damage    Failure   Level
 Sting                    Tmut/Pois      0%         1d3       26%         1
 Poisonous Vapours        Pois/Air       0%         N/A       38%         2
 Dazzling Flash           Conj/Hex       0%         N/A       63%         3
 Olgreb's Toxic Radiance  Pois           0%         N/A       95%         4
 Agony                    Necr           0%         N/A       100%        5
 Silence                  Hex/Air        0%         N/A       100%        5


Dungeon Overview and Level Annotations

Branches:
Dungeon (8/15)             Temple (1/1) D:4            Lair (0/5) D:8
  Sewer (visited)         Ossuary (visited)

Altars:
Ashenzari
Cheibriados
Dithmenos
Elyvilon
Fedhas
Hepliaklqana
Kikubaaqudgha
Makhleb
Nemelex Xobeh
Okawaru
Qazlal
Ru
Sif Muna
Trog
Uskayaw
Vehumet
Yredelemnul
The Shining One

Shops:
D:3 (   D:7 *


Innate Abilities, Weirdness & Mutations

You are a hulking beast.
Your limbs bulge with bestial killing power. (Slay +5)
You can breathe blasts of fire.
Your fiery red scales are hard. (AC +7)
You cannot fit into any form of body armour.
Your flesh is heat resistant. (rF+)
You are cold-blooded and may be slowed by cold attacks.


Message History

You feel as though you will be slow longer.
The bullfrog croaks.
Unknown command.
As you read the scroll of fear, it crumbles to dust.
You assume a fearsome visage.
The shadow imp looks frightened!
The hornet looks frightened!
The steam dragon looks frightened!
The bullfrog easily resists.
* * * LOW HITPOINT WARNING * * *
You feel extremely sick.
The shadow imp is engulfed in blazing flames.
You feel better. The bullfrog barely misses you.
The bullfrog closely misses you.
You pummel the bullfrog!!
The bullfrog is severely wounded.
The bullfrog hits you but does no damage.
Cornered, the hornet turns to fight!
The bullfrog barely misses you.
Unknown command.
Unknown command.
As you read the scroll of fear, it crumbles to dust.
You assume a fearsome visage.
The hornet looks frightened!
The bullfrog looks frightened!
You feel yourself speed up.
Cornered, the steam dragon turns to fight!
The bullfrog is engulfed in blazing flames.
You kill the bullfrog!
Cornered, the shadow imp turns to fight!
Cornered, the hornet turns to fight!
You punch the steam dragon!
The steam dragon is moderately wounded.
The steam dragon barely misses you.
The steam dragon claws you but does no damage.
The steam dragon bites you!
* * * LOW HITPOINT WARNING * * *
The steam dragon claws you.
* * * LOW HITPOINT WARNING * * *
Things that are here:
a +0 club; 6 poisoned darts The steam dragon breathes steam at you.
The ball of steam hits you!!
You die...

...#.###.###.# #.....#
##.#.# #..##.# ###).##
...#.# #.....###.'...#
##.#.# #...###.†.##..#
#...#.....#......#.....
#...##.#..##..#..##...##
#...##.##..#..5Dy.#.###
#.#.##.....##..§#####
#.#.........#.#h#.#
#.#......#..###...##
#.###....##.. ##..†#
#...#...## .. #.#'##
###.#....####..###..#
#..<##...# #......## ##
########.####......#
###. #........###.....##
###...
#.....##.####.....#
###...##


You could see a hornet, a steam dragon (catching breath) and a shadow imp.

Vanquished Creatures
  Joseph (D:7)
  A wyvern (D:8)
  Menkaure (Ossuary)
  Duvessa (D:4)
  A hornet zombie (D:6)
  3 ice beasts
  3 black bears
  2 sky beasts (D:7)
  4 centaurs
  3 phantoms
  4 kobold brigands
  7 bullfrogs
  An elf zombie (D:4)
  A water moccasin zombie (D:6)
  2 elf skeletons (D:4)
  4 scorpions
  Dowan (D:4)
  3 bullfrog zombies (D:6)
  5 hounds
  3 jellies
  A gnoll bouda (D:6)
  4 orc priests
  Crazy Yiuf (D:7)
  An iguana (D:6)
  Jessica (D:3)
  Terence (D:3)
  6 orc wizards
  2 human skeletons (D:4)
  A killer bee zombie (D:6)
  3 mummies (Ossuary)
  A howler monkey zombie (D:6)
  Robin (D:3)
  10 gnolls (D:6)
  11 adders
  6 river rats
  A white imp (D:7)
  An ufetubus (D:4)
  2 worms
  A dart slug (D:4)
  27 orcs
  3 endoplasms
  3 giant cockroaches
  4 gnoll zombies (Ossuary)
  9 hobgoblins
  23 kobolds
  3 quokkas
  10 ball pythons
  4 bats
  4 frilled lizards
  3 gnoll skeletons (Ossuary)
  11 goblins
  7 goblin skeletons (Ossuary)
  4 goblin zombies (Ossuary)
  3 hobgoblin skeletons (Ossuary)
  2 hobgoblin zombies (Ossuary)
  6 kobold skeletons (Ossuary)
  5 orc skeletons
  7 orc zombies (Ossuary)
  23 rats
  2 rat skeletons (Ossuary)
  8 rat zombies (Ossuary)
277 creatures vanquished.

Notes
Turn   | Place    | Note
-------+----------+-------------------------------------------
     0 | D:1      | floatRand the Draconian Shapeshifter began the quest for
                  | the Orb.
     0 | D:1      | Reached XP level 1. HP: 16/16 MP: 1/1
   353 | D:1      | You fall into a shaft and drop 1 floor!
   368 | D:2      | Noticed an iguana
   420 | D:2      | Reached XP level 2. HP: 23/23 MP: 2/2
  1288 | D:2      | Reached XP level 3. HP: 24/28 MP: 3/3
  1311 | D:2      | Reached skill level 4 in Unarmed Combat
  1984 | D:3      | Reached XP level 4. HP: 32/35 MP: 4/4
  2008 | D:3      | Found Murif's Antique Weapon Shoppe.
  2448 | D:3      | Noticed Terence
  2481 | D:3      | Killed Terence
  2482 | D:3      | Reached skill level 5 in Unarmed Combat
  2482 | D:3      | Reached XP level 5. HP: 23/40 MP: 1/5
  2639 | D:3      | Noticed Jessica
  2643 | D:3      | Killed Jessica
  2814 | D:3      | Noticed Robin
  2835 | D:3      | Killed Robin
  3347 | D:4      | Reached XP level 6. HP: 47/47 MP: 6/6
  3363 | D:4      | Found a sand-covered staircase.
  3371 | D:4      | Reached skill level 6 in Unarmed Combat
  3435 | Ossuary  | Entered an ossuary
  3687 | Ossuary  | Your scales start taking on a fiery red colour.
  3687 | Ossuary  | Reached XP level 7. HP: 52/52 MP: 7/7
  3687 | Ossuary  | Gained mutation: Your flesh is heat resistant. (rF+) [Red
                  | Draconian growth]
  3736 | Ossuary  | Noticed Menkaure
  3751 | Ossuary  | Killed Menkaure
  3752 | Ossuary  | Reached skill level 7 in Unarmed Combat
  4004 | D:4      | Found a snail-covered altar of Cheibriados.
  4058 | D:4      | Reached skill level 5 in Shapeshifting
  4114 | D:4      | Found a staircase to the Ecumenical Temple.
  4137 | Temple   | Entered the Ecumenical Temple
  4254 | D:4      | Noticed Duvessa
  4255 | D:4      | Noticed Dowan
  4264 | D:4      | Killed Duvessa
  4283 | D:4      | Killed Dowan
  4284 | D:4      | Reached skill level 8 in Unarmed Combat
  4337 | D:4      | Identified a scroll of acquirement
  4337 | D:4      | Acquired 1116 gold pieces
  4366 | D:5      | Entered Level 5 of the Dungeon
  4395 | D:4      | Reached XP level 8. HP: 43/59 MP: 8/8
  4566 | D:5      | Reached skill level 9 in Unarmed Combat
  4937 | D:6      | Found a glowing drain.
  5273 | D:6      | Found a broken altar of Ashenzari.
  5312 | D:6      | Reached skill level 10 in Unarmed Combat
  5319 | D:6      | Reached XP level 9. HP: 61/64 MP: 9/9
  5380 | Sewer    | Entered a sewer
  5922 | D:6      | Reached skill level 11 in Unarmed Combat
  6185 | D:7      | Found a shadowy altar of Dithmenos.
  6213 | D:7      | Noticed Joseph
  6227 | D:7      | Killed Joseph
  6450 | D:7      | Reached skill level 12 in Unarmed Combat
  6470 | D:7      | Found Sosch's Fire Supplies.
  6512 | D:7      | Reached XP level 10. HP: 51/71 MP: 10/10
  6632 | D:7      | Found a runed translucent door.
  6633 | D:7      | Noticed Crazy Yiuf
  6652 | D:7      | Found a glowing golden altar of the Shining One.
  6931 | D:7      | Killed Crazy Yiuf
  7198 | D:8      | Found a staircase to the Lair.
  7376 | D:8      | Paralysed by a hornet for 3 turns
  7388 | D:8      | Killed from afar by a steam dragon

Illustrated notes

Levels and vault maps discovered:
D:1:      dpeg_arrival_rooms_b, layout_basic, due_unseen_surprise
D:2:      layout_loops_ring, serial_co_window_serial, co_window_corner_a,
          co_window_corner_a, co_window_corner_a, co_window_paths_a,
          co_window_paths_b, co_window_corner_a, co_window_of_opportunity_c,
          co_window_2corner, co_window_corner_b, co_window_4corner_a,
          glass_columns_b, glass_columns_a, glass_columns_c,
          roderic_roman_lattice, moated_statue
D:3:      layout_basic, serial_shops, shop, uniq_jessica, uniq_robin,
          uniq_terence
D:4:      layout_rooms, mainiacjoe_overflow_catwalk, minmay_temple_entry_wispy,
          nicolae_ossuary_entry_catacombs, uniq_duvessa
D:5:      layout_cave_pools, st_stairs_2, dk_noncrumbling_4
D:6:      layout_basic, evilmike_ruin_ashenzari, serial_undead, serial_undead_e,
          serial_undead_c, serial_undead_e, serial_undead_d,
          portal_sewer_entry_a
D:7:      layout_basic, mainiacjoe_overflow_alcove_4, grunt_dithmenos_smoke,
          grunt_ministairs_9, minmay_misc_feat_alley, nicolae_shop_fire_sale
          [nicolae_sub_dead_trees], uniq_joseph, uniq_crazy_yiuf_cottage
D:8:      minmay_slanted_spiral_squares, layout_basic,
          mainiacjoe_overflow_cross_hatched, lair_entry_dummy
Temple:   compressed_dpeg_circular_temple

Skill      XL: |  1  2  3  4  5  6  7  8  9 |
---------------+----------------------------+-----
Unarmed Combat | 4 5 6 8 10 12 | 12.5
Shapeshifting  | 4 5 6 7 |  7.9
Fighting       | |  1.1
Dodging        | |  1.7

Action                     |  1- 3 |  4- 6 |  7- 9 | 10-12 || total
---------------------------+-------+-------+-------+-------++-------
  Melee: Unarmed           |    85 |   204 |   372 |    40 ||   701
         Tailslap          |     8 |    32 |    63 |     6 ||   109
         Punch             |     3 |     5 |    14 |     4 ||    26
Ability: Breathe Fire      |       |       |     6 |     2 ||     8
    Use: Scroll            |       |       |    14 |     2 ||    16
         Potion            |       |       |     1 |     2 ||     3
   Stab: Sleeping          |       |       |     3 |     2 ||     5
         Distracted        |       |       |     1 |       ||     1
 Armour: Skin              |    19 |    45 |   124 |    13 ||   201
  Dodge: Dodged            |    55 |    68 |   272 |    34 ||   429

Table legend: (Time is in decaauts)
 A = Elapsed time spent in this place.
 B = Non-inter-level travel time spent in this place.
 C = Inter-level travel time spent in this place.
 D = Time resting spent in this place.
 E = Time spent auto-exploring this place.
 F = Levels seen in this place.
 G = Mean time per level.
                   A        B        C        D        E       F      G
               +--------+--------+--------+--------+--------+-----+--------+
         Total |   7295 |   7060 |    235 |    387 |   4293 |  11 |  663.2 |
       Dungeon |   6554 |   6319 |    235 |    368 |   4185 |   8 |  819.2 |
        Temple |     25 |     25 |      0 |      0 |      0 |   1 |   25.0 |
         Sewer |    332 |    332 |      0 |      3 |     71 |   1 |  332.0 |
       Ossuary |    381 |    381 |      0 |     16 |     36 |   1 |  381.0 |
               +--------+--------+--------+--------+--------+-----+--------+

Top non-repeatable levels by time:
     D:3: 1384 daAuts
     D:2: 1179 daAuts
     D:6: 873 daAuts
     D:7: 797 daAuts
     D:1: 725 daAuts
     D:4: 671 daAuts
     D:5: 517 daAuts
     D:8: 405 daAuts
 Ossuary: 381 daAuts
   Sewer: 332 daAuts
  Temple: 25 daAuts
